 Dungeon Sprint DCSS version 0.21-a0-396-ga924934 (webtiles) character file.

179 Kidiri the Thaumaturge (level 5, -7/28 HPs)
             Began as a Deep Elf Fire Elementalist on Oct 19, 2017.
             Mangled by a sun demon (16 damage)
             ... summoned by a kobold demonologist
             ... in the Dungeon (Sprint III: "The Ten Rune Challenge").
             The game lasted 00:03:10 (479 turns).

Kidiri the Thaumaturge (Deep Elf Fire Elementalist)  Turns: 479, Time: 00:03:10

Health: -7/28      AC:  4    Str:  5    XL:     5   Next: 33%
Magic:  10/19      EV: 13    Int: 19    God:
Gold:   17         SH:  0    Dex: 15    Spells: 6/24 levels left

rFire    . . .     SeeInvis .   l - +0 dagger
rCold    . . .     Gourm    .   (no shield)
rNeg     + . .     Faith    .   m - +2 robe {rN+}
rPois    .         Spirit   .   (helmet restricted)
rElec    .         Reflect  .   (no cloak)
rCorr    .         Harm     .   (no gloves)
MR       .....     NoTele   +   (no boots)
Stlth    ++........             (no amulet)
HPRegen  0.09/turn              (no ring)
MPRegen  0.16/turn              (no ring)

@: no status effects
A: beak, dopey 1
a: no special abilities


You were in the Dungeon.
You were not hungry.

You visited 1 branch You collected 17 gold pieces.

Inventory:

Hand Weapons
 l - a +0 dagger (weapon)
Armour
 a - a +0 robe
 m - a +2 robe of positive energy (worn)
Scrolls
 i - a scroll of blinking
 o - 2 scrolls of torment {unknown}
 p - 2 scrolls of identify {unknown}
 q - 4 scrolls of remove curse
Potions
 d - 2 potions of curing
 e - a potion of heal wounds
 f - a potion of haste
 g - 2 potions of magic
 h - a potion of berserk rage
 k - a potion of lignification {unknown}
 t - a potion of flight {unknown}
Books
 b - a book of Flames

   Spells                             Type                      Level
   a - Flame Tongue                   Conjuration/Fire             1
   b - Throw Flame                    Conjuration/Fire             2
   c - Conjure Flame                  Conjuration/Fire             3
   d - Inner Flame                    Hexes/Fire                   3
   e - Sticky Flame                   Conjuration/Fire             4
   f - Fireball                       Conjuration/Fire             5
Comestibles
 c - a bread ration
 r - a royal jelly
 s - 3 fruits


   Skills:
 + Level 0.6 Fighting
 + Level 1.1 Short Blades
 + Level 0.6 Armour
 + Level 2.8 Dodging
 - Level 2.4 Stealth
 * Level 10.2 Spellcasting
 + Level 5.8 Conjurations
 + Level 6.7 Fire Magic


You had 6 spell levels left.
You knew the following spells:

 Your Spells              Type           Power        Failure   Level  Hunger
a - Flame Tongue          Conj/Fire      ####.        1%          1    None
b - Throw Flame           Conj/Fire      ####..       1%          2    None
c - Conjure Flame         Conj/Fire      ####....     1%          3    None
d - Inner Flame           Hex/Fire       ###.....     5%          3    None
e - Sticky Flame          Conj/Fire      ####....     5%          4    ##.....
f - Fireball              Conj/Fire      ####......   16%         5    #####..


Dungeon Overview and Level Annotations

Branches:
Dungeon (1/1)

Altars:
Kikubaaqudgha
Sif Muna
Vehumet


Innate Abilities, Weirdness & Mutations

You have a beak for a mouth.
You are dopey. (Int -2)


Message History

The sticky flame hits the kobold demonologist.
The kobold demonologist is lightly wounded.
The kobold demonologist is covered in liquid flames!
The kobold demonologist burns!
The kobold demonologist mumbles some strange words.
Unknown command.
Casting: Sticky Flame
Confirm with . or Enter, or press ? or * to list all spells.
Aiming: Flame Tongue
Press: ? - help, Shift-Dir - straight line, f/p - kobold demonologist
Aim: a kobold demonologist, wielding a dagger and wearing a robe (moderately wounded, covered in liquid flames)
The flame tongue hits the kobold demonologist.
The kobold demonologist is heavily wounded.
The kobold demonologist burns!
The kobold demonologist closely misses you.
The sun demon hits you!
Ouch! That really hurt!
You are engulfed in flames!
Ouch! That really hurt!
You die...

.#......#####..#
##.......#..#..#
.##.##...#..#..###+#+###+#
.##.###..##+#..#..........
####.##..###...'.⌠........
##..##..####...#...######+
....##.%###....#.⌠.#
#..##...##.....#...#
..##....#......#@###
.###..##.#.....#3K:# .#
#..#####....#___# ▓▓ ▓▓▓▓
▓▓▓▓▓▓▓▓▓▓


You could see a sun demon and a kobold demonologist (burning).

Vanquished Creatures
  A water elemental (D)
  A scorpion (D)
  A wizard (D)
  Jessica (D)
  A human (D)
  3 rats (D)
8 creatures vanquished.

Vanquished Creatures (others)
  2 draconian scorchers (D)
  6 hellions (D)
  A yaktaur (D)
9 creatures vanquished.

Grand Total: 17 creatures vanquished

Notes
Turn   | Place    | Note
-------+----------+-------------------------------------------
     0 | D        | Kidiri the Deep Elf Fire Elementalist began the quest for the Orb.
     0 | D        | Reached XP level 1. HP: 10/10 MP: 6/6
    33 | D        | Noticed Jessica
    36 | D        | Killed Jessica
    36 | D        | Reached skill level 6 in Spellcasting
    36 | D        | Reached XP level 2. HP: 15/15 MP: 3/11
    40 | D        | Learned a level 2 spell: Throw Flame
   116 | D        | Noticed a scorpion
   124 | D        | Killed a hellion
   125 | D        | Killed a scorpion
   125 | D        | Reached skill level 8 in Spellcasting
   125 | D        | Reached skill level 5 in Fire Magic
   125 | D        | Reached XP level 3. HP: 19/19 MP: 7/14
   125 | D        | Reached XP level 4. HP: 24/24 MP: 8/16
   129 | D        | Killed a yaktaur
   139 | D        | Killed a hellion
   139 | D        | Killed a hellion
   140 | D        | Killed a hellion
   140 | D        | Killed a hellion
   148 | D        | Killed a hellion
   159 | D        | Gained mutation: You have a pair of small horns on your head. [potion of mutation]
   159 | D        | Gained mutation: You are resistant to hostile enchantments. (MR+) [potion of mutation]
   160 | D        | Lost mutation: You are resistant to hostile enchantments. (MR+) [potion of mutation]
   160 | D        | Gained mutation: Your flesh is cold resistant. (rC+) [potion of mutation]
   160 | D        | Gained mutation: You can translocate small distances at will. [potion of mutation]
   161 | D        | Lost mutation: You have a pair of small horns on your head. [potion of mutation]
   161 | D        | Gained mutation: You are agile. (Dex +2) [potion of mutation]
   161 | D        | Gained mutation: You have very sharp teeth. [potion of mutation]
   162 | D        | Lost mutation: Your flesh is cold resistant. (rC+) [potion of mutation]
   162 | D        | Lost mutation: You can translocate small distances at will. [potion of mutation]
   162 | D        | Lost mutation: You are agile. (Dex +2) [potion of mutation]
   162 | D        | Gained mutation: Your movements are slightly less encumbered by armour. (ER -2) [potion of mutation]
   162 | D        | Gained mutation: Your flesh is heat resistant. (rF+) [potion of mutation]
   163 | D        | Lost mutation: You have very sharp teeth. [potion of mutation]
   163 | D        | Lost mutation: Your flesh is heat resistant. (rF+) [potion of mutation]
   163 | D        | Gained mutation: Your system is resistant to poisons. (rPois) [potion of mutation]
   163 | D        | Gained mutation: Scrolls take you a little longer to read. [potion of mutation]
   163 | D        | Gained mutation: Your spells are a little harder to cast, but a little more powerful. [potion of mutation]
   164 | D        | Lost mutation: Your system is resistant to poisons. (rPois) [potion of mutation]
   164 | D        | Lost mutation: Scrolls take you a little longer to read. [potion of mutation]
   164 | D        | Lost mutation: Your spells are a little harder to cast, but a little more powerful. [potion of mutation]
   164 | D        | Lost mutation: Your movements are slightly less encumbered by armour. (ER -2) [potion of mutation]
   164 | D        | Gained mutation: You are dopey. (Int -2) [potion of mutation]
   164 | D        | Gained mutation: You have a beak for a mouth. [potion of mutation]
   216 | D        | Learned a level 3 spell: Conjure Flame
   220 | D        | Learned a level 3 spell: Inner Flame
   225 | D        | Learned a level 4 spell: Sticky Flame
   231 | D        | Noticed a water elemental
   236 | D        | Killed a water elemental
   236 | D        | Reached skill level 10 in Spellcasting
   236 | D        | Reached skill level 5 in Conjurations
   236 | D        | Reached XP level 5. HP: 6/28 MP: 11/19
   245 | D        | Killed a white draconian scorcher
   252 | D        | Learned a level 5 spell: Fireball
   256 | D        | Killed a white draconian scorcher
   474 | D        | Found a radiant altar of Vehumet.
   475 | D        | Found a deep blue altar of Sif Muna.
   475 | D        | Found an ancient bone altar of Kikubaaqudgha.
   477 | D        | Reached skill level 1 in Short Blades
   479 | D        | Noticed a sun demon
   479 | D        | Mangled by a sun demon

Vault maps used:
D:        dungeon_sprint_mu

Skill      XL: |  1  2  3  4  5 |
---------------+----------------+-----
Spellcasting   | 6 8 10 | 10.2
Conjurations   | 3 4 5 |  5.8
Fire Magic     | 4 5 6 |  6.7
Short Blades   | 1 |  1.1
Fighting       | |  0.6
Armour         | |  0.6
Dodging        | |  2.8
Stealth        | |  2.4

Action                   |  1- 3 |  4- 6 || total
-------------------------+-------+-------++-------
Melee: Dagger            |     2 |     2 ||     4
 Cast: Flame Tongue      |     8 |    10 ||    18
       Conjure Flame     |       |     1 ||     1
       Sticky Flame      |       |     2 ||     2
  Use: Potion            |       |     6 ||     6
 Stab: Sleeping          |       |     1 ||     1
Armor: Robe              |     1 |       ||     1
Dodge: Dodged            |     2 |     6 ||     8

Table legend:
 A = Spawn XP
 B = Non-spawn XP
 C = Spawn XP percentage of total XP
 D = Spawn monster count
 E = Non-spawn monster count
 F = Spawn count percentage of total count
 G = Total turns spent on level
                    A         B        C        D         E        F      G
               +---------+---------+-------+---------+---------+-------+---------
         Total |       0 |     257 |   0.0 |       0 |       8 |   0.0 |   479
               +---------+---------+-------+---------+---------+-------+---------
             D |       0 |     257 |   0.0 |       0 |       8 |   0.0 |   479
               +---------+---------+-------+---------+---------+-------+---------
